 Dungeon Crawl Stone Soup version 0.32-a0-616-g9348d4545b (webtiles) character file.

Game seed: 5412497064557943001

297 Dittersdorf the Shield-Bearer (level 6, -9/39 HPs)
             Began as a Gargoyle Fighter on Mar 5, 2024.
             Killed by divine providence
             ... invoked by an orc priest
              (14 damage)
             ... on level 2 of the Dungeon.
             The game lasted 00:02:21 (2234 turns).

Dittersdorf the Shield-Bearer (Gargoyle Fighter)    Turns: 2234, Time: 00:02:22

Health: -9/39      AC: 13    Str: 22    XL:     6   Next: 35%
Magic:  6/6        EV: 10    Int:  8    God:
Gold:   96         SH:  4    Dex:  9    Spells: 5/5 levels left

rFire   . . .        a - +0 flail
rCold   + . .        c - +0 buckler
rNeg    + . .        l - +2 ring mail {rC+}
rPois   ∞            k - +0 helmet
rElec   +            (no cloak)
rCorr   .            (no gloves)
SInv    .            (no boots)
Will    .....        (no amulet) Stlth
                     (no ring)
HPRegen 0.26/turn    (no ring)
MPRegen 0.10/turn

%: no passive effects
@: no status effects
A: sickness immunity, AC +4, negative energy resistance 1, electricity
resistance, torment resistance 1, petrification resistance
a: Convert to Beogh


You were on level 2 of the Dungeon.
You visited 1 branch of the dungeon, and saw 3 of its levels.

You collected 96 gold pieces.

Inventory:

Hand Weapons
 a - a +0 flail (weapon)
Armour
 c - a +0 buckler (worn)
 k - a +0 helmet (worn)
 l - a +2 ring mail of cold resistance (worn)
Scrolls
 b - 2 scrolls of fog {unknown}
 f - a scroll of immolation {unknown}
 h - 3 scrolls of fear {unknown}
 i - 3 scrolls of identify {unknown}
 m - 2 scrolls of noise {unknown}
 n - a scroll of amnesia {unknown}
 p - a scroll of blinking {unknown}
Potions
 d - a potion of might
 e - 4 potions of enlightenment {unknown}
 g - a potion of resistance {unknown}
 j - a potion of attraction {unknown}
 o - a potion of brilliance {unknown}
 q - a potion of magic {unknown}


   Skills:
 + Level 4.7 Fighting
 + Level 3.6 Maces & Flails
 + Level 4.7 Armour
 + Level 4.7 Shields


You had 5 spell levels left.
You didn't know any spells.
Your spell library contained the following spells:

 Spells                   Type           Power      Damage    Failure   Level
 Sandblast                Erth           0%         2d4       63%         1
 Passwall                 Erth           0%         N/A       94%         3
 Stone Arrow              Conj/Erth      0%         3d7       94%         3
 Brom's Barrelling Bould  Conj/Erth      0%         2d3       100%        4


Dungeon Overview and Level Annotations

Branches:
Dungeon (3/15)

Altars:
Qazlal

Shops:
D:2 (


Innate Abilities, Weirdness & Mutations

You are immune to sickness and miasma.
Your stone body is resilient. (AC +4)
You are immune to poison.
You resist negative energy. (rN+)
You are resistant to electric shocks. (rElec)
You are resistant to unholy torment.
You are immune to petrification.


Message History

(press Y on the ability menu to convert to Beogh)
You climb upwards.
There is a stone staircase leading down here.
You barely miss the orc priest.
The orc priest hits you but does no damage.
You closely miss the orc priest.
The orc priest calls down the wrath of Beogh upon you.
You barely resist. You sock the orc priest!
The orc priest threatens, "Beogh's wrath is as vast as their mercy.
Make your choice!"
The orc priest is severely wounded.
The orc priest hits you but does no damage. x2
You closely miss the orc priest.
The orc priest is severely wounded.
The orc priest barely misses you.
You barely miss the orc priest.
The orc priest is severely wounded.
The orc priest shouts, "The Pantheon deserves no one's loyalty.
Let us show you the true path!"
The orc priest hits you but does no damage.
You hit the orc priest but do no damage.
The orc priest is severely wounded.
The orc priest hits you but does no damage.
The orc priest hits you with a +0 club.
The orc priest shouts, "The Pantheon deserves no one's loyalty.
Let us show you the true path!"
You hit the orc priest.
The orc priest is almost dead.
The orc priest threatens, "Beogh's wrath is as vast as their mercy.
Make your choice!" The orc priest hits you with a +0 club.
You hit the orc priest but do no damage.
The orc priest is almost dead.
The orc priest mumbles some strange prayers to Beogh against you.
Pain shoots through your body!
You hit the orc priest.
The orc priest is almost dead.
The orc priest invokes the aid of Beogh against you.
Beogh smites you!
* * * LOW HITPOINT WARNING * * *
The orc priest invokes the aid of Beogh against you.
Beogh smites you!
You die...

#############
####@[.........#
#..)†o##.#####.#
#.....##.# #.# #.....##†#
#.### #......#.# #...##
#####....#)..## #....#
#........###..####.#..###
#...............##.#....#
#........###.....#.#.##(#


You could see an orc priest.

Vanquished Creatures
  Sigmund (D:1)
  Terence (D:1)
  Robin (D:1)
  2 adders
  2 dart slugs (D:2)
  2 ribbon worms (D:2)
  4 orcs
  5 endoplasms
  3 giant cockroaches
  6 hobgoblins
  3 quokkas
  5 ball pythons
  2 bats
  3 frilled lizards
  13 goblins
  4 kobolds
  4 rats
61 creatures vanquished.

Notes
Turn   | Place    | Note
-------+----------+-------------------------------------------
     0 | D:1      | Dittersdorf the Gargoyle Fighter began the quest for the
                  | Orb.
     0 | D:1      | Reached XP level 1. HP: 14/14 MP: 1/1
   335 | D:1      | Reached XP level 2. HP: 18/19 MP: 2/2
   384 | D:1      | Found a faded altar of an unknown god.
  1009 | D:2      | Noticed Robin
  1009 | D:2      | Noticed Sigmund
  1015 | D:2      | Noticed Terence
  1048 | D:1      | Reached XP level 3. HP: 11/23 MP: 3/3
  1180 | D:1      | Killed Sigmund
  1181 | D:1      | Reached XP level 4. HP: 8/30 MP: 4/4
  1181 | D:1      | Reached XP level 5. HP: 9/34 MP: 5/5
  1299 | D:1      | Killed Robin
  1361 | D:1      | Killed Terence
  1362 | D:1      | Reached XP level 6. HP: 39/39 MP: 6/6
  1489 | D:2      | Found a stormy altar of Qazlal.
  1640 | D:2      | Found Ucuxe's Weapon Shoppe.
  2234 | D:2      | Killed from afar by an orc priest

Illustrated notes

Levels and vault maps discovered:
D:1:      minmay_arrival_jagged, layout_loops_ring,
          hellmonk_ecumenical_altar_slurped_away
D:2:      layout_basic, serial_shops, nicolae_shop_tiny_glass, basic_altar,
          uniq_robin, uniq_terence, uniq_sigmund
D:3:      layout_basic, mainiacjoe_overflow_alcove_4

Skill      XL: |  1  2  3 |
---------------+----------+-----
Fighting       | 4 |  4.7
Maces & Flails | 3 |  3.6
Armour         | 4 |  4.7
Shields        | 4 |  4.7

Action                     |  1- 3 |  4- 6 || total
---------------------------+-------+-------++-------
  Melee: Flail             |    77 |   153 ||   230
 Armour: Scale mail        |    89 |    19 ||   108
         Ring mail         |       |   119 ||   119
  Dodge: Dodged            |    42 |   110 ||   152
  Block: Buckler           |    11 |    38 ||    49

Table legend: (Time is in decaauts)
 A = Elapsed time spent in this place.
 B = Non-inter-level travel time spent in this place.
 C = Inter-level travel time spent in this place.
 D = Time resting spent in this place.
 E = Time spent auto-exploring this place.
 F = Levels seen in this place.
 G = Mean time per level.
                   A        B        C        D        E       F      G
               +--------+--------+--------+--------+--------+-----+--------+
         Total |   2306 |   2229 |     77 |    259 |   1386 |   3 |  768.7 |
       Dungeon |   2306 |   2229 |     77 |    259 |   1386 |   3 |  768.7 |
               +--------+--------+--------+--------+--------+-----+--------+

Top non-repeatable levels by time:
     D:1: 1215 daAuts
     D:2: 898 daAuts
     D:3: 192 daAuts
